TOP OF THE 1ST |
Montana Pandas batting - Pitching for Houston 1837 BBC : LHP Roy Alsobrook
|
Pitching: LHP Roy Alsobrook
|
|
Batting: RHB Phil Sherman
|
0-0: Foul Ball, location: 2F 0-1: Ball 1-1: Ball 2-1: Foul Ball, location: 2F 2-2: Strikes out looking
|
Batting: RHB Pau Arria
|
0-0: Foul Ball, location: 2F 0-1: Fly out, F8 (Flyball, 8RM)
|
Batting: LHB José León
|
0-0: Ball 1-0: Foul Ball, location: 2F 1-1: Ball 2-1: Ground out 4-3 (Groundball, 4)
|
Top of the 1st over - 0 runs, 0 hits, 0 errors, 0 left on base; Montana 0 - Houston 0 |
BOTTOM OF THE 1ST |
Houston 1837 BBC batting - Pitching for Montana Pandas : RHP Juan Montoya
|
Pitching: RHP Juan Montoya
|
|
Batting: LHB Damian Delaney
|
0-0: Called Strike 0-1: Ball 1-1: Foul Ball, location: 2F 1-2: Strikes out swinging
|
Batting: LHB Scott Kerin
|
0-0: Ball 1-0: Ball 2-0: Ground out 4-3 (Groundball, 4)
|
Batting: RHB John Downing
|
0-0: Fly out, F7 (Flyball, 7)
|
Bottom of the 1st over - 0 runs, 0 hits, 0 errors, 0 left on base; Montana 0 - Houston 0 |
TOP OF THE 2ND |
Montana Pandas batting - Pitching for Houston 1837 BBC : LHP Roy Alsobrook
|
Batting: LHB Chris McKinney
|
0-0: Fly out, F3 (Popup, 3L)
|
Batting: RHB Willis Kirkendall
|
0-0: SINGLE (Groundball, 4MD)
|
Batting: LHB Gerald Kaufman
|
0-0: Ball 1-0: Foul Ball, location: 2F 1-1: Foul Ball, location: 2F 1-2: Ground out 4-3 (Groundball, 4MS) Willis Kirkendall to second
|
Batting: RHB Chris Costa
|
0-0: Called Strike 0-1: Called Strike 0-2: Ball 1-2: Ball 2-2: SINGLE (Line Drive, 6M) Willis Kirkendall to third
|
Batting: LHB Roberto Fierro
|
0-0: Called Strike 0-1: Ball 1-1: DOUBLE (Line Drive, 7LM) Willis Kirkendall scores Chris Costa to third Runner from 3rd tries for Home, SAFE, no throw
|
Batting: LHB José Ruíz
|
0-0: Ball 1-0: Called Strike 1-1: Foul Ball, location: 2F 1-2: Strikes out swinging
|
Top of the 2nd over - 2 runs, 3 hits, 0 errors, 1 left on base; Montana 2 - Houston 0 |
BOTTOM OF THE 2ND |
Houston 1837 BBC batting - Pitching for Montana Pandas : RHP Juan Montoya
|
Batting: RHB Bob Dickerson
|
0-0: Fly out, F9 (Line Drive, 89M)
|
Batting: SHB Galtero Suárez
|
0-0: Foul Ball, location: 2F 0-1: Called Strike 0-2: SINGLE (Line Drive, 4D)
|
Batting: RHB Lytle Creek
|
0-0: Called Strike 0-1: Swinging Strike 0-2: Foul Ball, location: 2F 0-2: Ball 1-2: Strikes out swinging
|
Batting: RHB Scott Robertson
|
0-0: Foul Ball, location: 2F 0-1: SINGLE (Line Drive, 8LS) Galtero Suárez to second
|
Batting: RHB Rubén Marino
|
0-0: Ball 1-0: Ball 2-0: Swinging Strike 2-1: Swinging Strike 2-2: Ball 3-2: Foul Ball, location: 2F 3-2: Base on Balls Galtero Suárez to third Scott Robertson to second
|
Batting: RHB Anastasio Hernández
|
0-0: Fly out, F8 (Flyball, 8RS)
|
Bottom of the 2nd over - 0 runs, 2 hits, 0 errors, 3 left on base; Montana 2 - Houston 0 |
TOP OF THE 3RD |
Montana Pandas batting - Pitching for Houston 1837 BBC : LHP Roy Alsobrook
|
Batting: RHB Phil Sherman
|
0-0: Ball 1-0: Ball 2-0: Called Strike 2-1: Called Strike 2-2: Ball 3-2: Fly out, F7 (Flyball, 7)
|
Batting: RHB Pau Arria
|
0-0: Called Strike 0-1: Ball 1-1: Foul Ball, location: 2F 1-2: Ball 2-2: Foul Ball, location: 2F 2-2: Ground out 5-3 (Groundball, 5S)
|
Batting: LHB José León
|
0-0: Ball 1-0: Swinging Strike 1-1: Fly out, F7 (Flyball, 7D)
|
Top of the 3rd over - 0 runs, 0 hits, 0 errors, 0 left on base; Montana 2 - Houston 0 |
BOTTOM OF THE 3RD |
Houston 1837 BBC batting - Pitching for Montana Pandas : RHP Juan Montoya
|
Batting: LHB Damian Delaney
|
0-0: Ground out 4-3 (Groundball, 4M)
|
Batting: LHB Scott Kerin
|
0-0: Fly out, F8 (Flyball, 89XD)
|
Batting: RHB John Downing
|
0-0: Called Strike 0-1: Ball 1-1: Ball 2-1: Foul Ball, location: 2F 2-2: Ball 3-2: Base on Balls
|
Batting: RHB Bob Dickerson
|
0-0: Swinging Strike 0-1: Ball 1-1: Ball 2-1: Swinging Strike 2-2: SINGLE (Groundball, 34) (infield hit) John Downing to second
|
Batting: SHB Galtero Suárez
|
0-0: Ball 1-0: Foul Ball, location: 2F 1-1: Fielders Choice at 2nd, 5-4 (Groundball, 5)
|
Bottom of the 3rd over - 0 runs, 1 hit, 0 errors, 2 left on base; Montana 2 - Houston 0 |
TOP OF THE 4TH |
Montana Pandas batting - Pitching for Houston 1837 BBC : LHP Roy Alsobrook
|
Batting: LHB Chris McKinney
|
0-0: SINGLE (Groundball, 13S) (infield hit)
|
Batting: RHB Willis Kirkendall
|
0-0: Fly out, F7 (Flyball, 78S)
|
Batting: LHB Gerald Kaufman
|
0-0: Ball 1-0: Ball 2-0: Fly out, F3 (Popup, 3S)
|
Batting: RHB Chris Costa
|
0-0: Ball 1-0: Ball 2-0: Swinging Strike 2-1: Foul Ball, location: 2F 2-2: Ball 3-2: Base on Balls Chris McKinney to second
|
Batting: LHB Roberto Fierro
|
0-0: Ball 1-0: Ball 2-0: Foul Ball, location: 2F 2-1: Ball 3-1: Swinging Strike 3-2: Base on Balls Chris McKinney to third Chris Costa to second
|
Batting: LHB José Ruíz
|
0-0: Called Strike 0-1: Called Strike 0-2: Foul Ball, location: 2F 0-2: Ball 1-2: Ball 2-2: Fly out, F8 (Flyball, 8RS)
|
Top of the 4th over - 0 runs, 1 hit, 0 errors, 3 left on base; Montana 2 - Houston 0 |
BOTTOM OF THE 4TH |
Houston 1837 BBC batting - Pitching for Montana Pandas : RHP Juan Montoya
|
Batting: RHB Lytle Creek
|
0-0: Ball 1-0: Foul Ball, location: 2F 1-1: Foul Ball, location: 2F 1-2: Fly out, F7 (Flyball, 7S)
|
Batting: RHB Scott Robertson
|
0-0: Foul Ball, location: 2F 0-1: Ground out 6-3 (Groundball, 6)
|
Batting: RHB Rubén Marino
|
0-0: Called Strike 0-1: Foul Ball, location: 2F 0-2: Ball 1-2: Foul Ball, location: 2F 1-2: Foul Ball, location: 2F 1-2: Ball 2-2: Ball 3-2: Strikes out looking
|
Bottom of the 4th over - 0 runs, 0 hits, 0 errors, 0 left on base; Montana 2 - Houston 0 |
TOP OF THE 5TH |
Montana Pandas batting - Pitching for Houston 1837 BBC : LHP Roy Alsobrook
|
Batting: RHB Phil Sherman
|
0-0: Ball 1-0: Ground out 5-3 (Groundball, 56)
|
Batting: RHB Pau Arria
|
0-0: Called Strike 0-1: Ball 1-1: Ball 2-1: Ground out 5-3 (Groundball, 56S)
|
Batting: LHB José León
|
0-0: Foul Ball, location: 2F 0-1: Ball 1-1: Ball 2-1: Ball 3-1: Base on Balls
|
Batting: LHB Chris McKinney
|
0-0: SINGLE (Flyball, 7LM) José León to second
|
Batting: RHB Willis Kirkendall
|
0-0: Ball 1-0: Foul Ball, location: 2F 1-1: Foul Ball, location: 2F 1-2: Fly out, F9 (Flyball, 9LM)
|
Top of the 5th over - 0 runs, 1 hit, 0 errors, 2 left on base; Montana 2 - Houston 0 |
BOTTOM OF THE 5TH |
Houston 1837 BBC batting - Pitching for Montana Pandas : RHP Juan Montoya
|
Batting: RHB Anastasio Hernández
|
0-0: Ball 1-0: Swinging Strike 1-1: Foul Ball, location: 2F 1-2: Ball 2-2: Ground out 1-3 (Groundball, 13)
|
Batting: LHB Damian Delaney
|
0-0: Called Strike 0-1: Ball 1-1: Called Strike 1-2: Foul Ball, location: 2F 1-2: Ground out 5-3 (Groundball, 25)
|
Batting: LHB Scott Kerin
|
0-0: Called Strike 0-1: Foul Ball, location: 2F 0-2: Ball 1-2: Ball 2-2: Ball 3-2: Foul Ball, location: 2F 3-2: Strikes out looking
|
Bottom of the 5th over - 0 runs, 0 hits, 0 errors, 0 left on base; Montana 2 - Houston 0 |
TOP OF THE 6TH |
Montana Pandas batting - Pitching for Houston 1837 BBC : LHP Roy Alsobrook
|
Pitching: RHP Rodrigo Rangel
|
|
Batting: LHB Gerald Kaufman
|
0-0: Ball 1-0: Ball 2-0: Ground out 4-3 (Groundball, 4)
|
Batting: RHB Chris Costa
|
0-0: Called Strike 0-1: Ball 1-1: Ground out 6-3 (Groundball, 6)
|
Batting: LHB Roberto Fierro
|
0-0: Called Strike 0-1: Ground out U3 (Groundball, 34D)
|
Top of the 6th over - 0 runs, 0 hits, 0 errors, 0 left on base; Montana 2 - Houston 0 |
BOTTOM OF THE 6TH |
Houston 1837 BBC batting - Pitching for Montana Pandas : RHP Juan Montoya
|
Batting: RHB John Downing
|
0-0: Foul Ball, location: 2F 0-1: Foul Ball, location: 2F 0-2: Ball 1-2: Ball 2-2: Foul Ball, location: 2F 2-2: Ball 3-2: SINGLE (Line Drive, 4MD)
|
Pitching: RHP Ash Wooden
|
|
Batting: RHB Bob Dickerson
|
0-0: Called Strike 0-1: Called Strike 0-2: Grounds into double play, 4-6-3 (Groundball, 4)
|
Batting: SHB Galtero Suárez
|
0-0: Reached on error, E4 (Groundball, 4)
|
Batting: RHB Lytle Creek
|
0-0: Called Strike 0-1: Foul Ball, location: 2F 0-2: Ball 1-2: Fly out, F8 (Flyball, 8RXD)
|
Bottom of the 6th over - 0 runs, 1 hit, 1 error, 1 left on base; Montana 2 - Houston 0 |
TOP OF THE 7TH |
Montana Pandas batting - Pitching for Houston 1837 BBC : RHP Rodrigo Rangel
|
Batting: LHB José Ruíz
|
0-0: Called Strike 0-1: Called Strike 0-2: Strikes out swinging, 2-3 out at first.
|
Batting: RHB Phil Sherman
|
0-0: DOUBLE (Flyball, 78D)
|
Batting: RHB Pau Arria
|
0-0: Ball 1-0: Foul Ball, location: 2F 1-1: Called Strike 1-2: Ball 2-2: Foul Ball, location: 2F 2-2: Ball Passed Ball! Phil Sherman to third 3-2: Ground out 5-3 (Groundball, 5)
|
Batting: LHB José León
|
0-0: Ball Wild Pitch! Phil Sherman scores 1-0: Ball 2-0: Called Strike 2-1: Ball 3-1: Called Strike 3-2: Foul Ball, location: 2F 3-2: Strikes out looking
|
Top of the 7th over - 1 run, 1 hit, 0 errors, 0 left on base; Montana 3 - Houston 0 |
BOTTOM OF THE 7TH |
Houston 1837 BBC batting - Pitching for Montana Pandas : RHP Ash Wooden
|
Batting: RHB Scott Robertson
|
0-0: Foul Ball, location: 2F 0-1: Foul Ball, location: 2F 0-2: Foul Ball, location: 2F 0-2: Strikes out looking
|
Batting: RHB Rubén Marino
|
0-0: Called Strike 0-1: SINGLE (Line Drive, 6MD)
|
Batting: RHB Anastasio Hernández
|
0-0: Swinging Strike 0-1: Swinging Strike 0-2: Ball 1-2: Strikes out looking Rubén Marino steals 2nd base Batter strikes out.
|
Batting: LHB Damian Delaney
|
0-0: Foul Ball, location: 2F 0-1: Ball 1-1: Foul Ball, location: 2F 1-2: Ground out U3 (Groundball, 3L)
|
Bottom of the 7th over - 0 runs, 1 hit, 0 errors, 1 left on base; Montana 3 - Houston 0 |
TOP OF THE 8TH |
Montana Pandas batting - Pitching for Houston 1837 BBC : RHP Rodrigo Rangel
|
Batting: LHB Chris McKinney
|
0-0: Called Strike 0-1: SINGLE (Groundball, 4D)
|
Batting: RHB Willis Kirkendall
|
0-0: Called Strike 0-1: Foul Ball, location: 2F 0-2: Ball 1-2: Ball 2-2: Ball 3-2: Strikes out swinging
|
Batting: LHB Gerald Kaufman
|
0-0: Swinging Strike 0-1: Ball 1-1: Ball 2-1: Ball 3-1: Called Strike 3-2: Foul Ball, location: 2F 3-2: Grounds into double play, 3-6-1 (Groundball, 3)
|
Top of the 8th over - 0 runs, 1 hit, 0 errors, 0 left on base; Montana 3 - Houston 0 |
BOTTOM OF THE 8TH |
Houston 1837 BBC batting - Pitching for Montana Pandas : RHP Ash Wooden
|
Batting: LHB Scott Kerin
|
0-0: Called Strike 0-1: DOUBLE (Line Drive, 7LM)
|
Batting: RHB John Downing
|
0-0: Called Strike 0-1: Ball 1-1: Called Strike 1-2: Strikes out swinging
|
Pitching: RHP Jeff Territt
|
|
Batting: RHB Bob Dickerson
|
0-0: Ball 1-0: Called Strike 1-1: Swinging Strike 1-2: Strikes out swinging
|
Batting: SHB Galtero Suárez
|
0-0: Called Strike 0-1: Called Strike 0-2: Ground out 4-3 (Groundball, 4)
|
Bottom of the 8th over - 0 runs, 1 hit, 0 errors, 1 left on base; Montana 3 - Houston 0 |
TOP OF THE 9TH |
Montana Pandas batting - Pitching for Houston 1837 BBC : RHP Rodrigo Rangel
|
Batting: RHB Chris Costa
|
0-0: Ball 1-0: Foul Ball, location: 2F 1-1: Ball 2-1: Swinging Strike 2-2: Ball 3-2: Strikes out swinging
|
Batting: LHB Roberto Fierro
|
0-0: Ground out 4-3 (Groundball, 34D)
|
Batting: LHB José Ruíz
|
0-0: Ball 1-0: Ball 2-0: Fly out, F7 (Flyball, 78M)
|
Top of the 9th over - 0 runs, 0 hits, 0 errors, 0 left on base; Montana 3 - Houston 0 |
BOTTOM OF THE 9TH |
Houston 1837 BBC batting - Pitching for Montana Pandas : RHP Jeff Territt
|
Batting: RHB Lytle Creek
|
0-0: Ball 1-0: Fly out, F2 (Popup, 23F)
|
Batting: RHB Scott Robertson
|
0-0: Foul Ball, location: 2F 0-1: Foul Ball, location: 2F 0-2: Ball 1-2: Foul Ball, location: 2F 1-2: Ball 2-2: Ball 3-2: Foul Ball, location: 2F 3-2: Foul Ball, location: 2F 3-2: Fly out, F7 (Flyball, 78D)
|
Batting: RHB Rubén Marino
|
0-0: Foul Ball, location: 2F 0-1: Ground out U3 (Groundball, 34)
|
Bottom of the 9th over - 0 runs, 0 hits, 0 errors, 0 left on base; Montana 3 - Houston 0 |
|